Match 32293760
Unlisted

Match 32293760
End
Construct Infanterie Kompanie
Selects Italian Coastal Battlegroup
Selects Coastal Reserves
Coastal Reserve
MG 42 Machine Gun Team
Coastal Reserve
Construct Luftwaffe Kompanie
MG 42 Bunker
Jäger Squad
Selects Support Bunkers
Medical Bunker
Jäger Squad
Selects Designated Artillery Overwatch
Luftwaffe Officer Quarters
MG 42 Bunker
Jäger Squad
Selects Artillery Officer
Jäger Squad
Jäger Squad
Selects Obice da 210/22 Artillery Emplacement
Selects Bulwark
MG 42 Bunker
MG 42 Bunker
Jäger Squad
MG 42 Bunker
Jäger Squad
吾非凡人
Turtleboy
342267659
cp204
meatrobot
Perplexed
John Bigby
Paranomous
0
0

Comments sign in to comment!

No comments posted yet!